 Dungeon Crawl Stone Soup version 0.32-a0-928-g1cae6b7ea0 (webtiles) character file.

Game seed: 1712530057671190096

161 happinesssam the Magician (level 5, -5/41 HPs)
             Began as a Gnoll Wanderer on Apr 12, 2024.
             Was an Initiate of Gozag.
             Killed by an exploding adder (18 damage)
             ... ignited by their inner flame
             ... on level 5 of the Dungeon.
             The game lasted 00:04:52 (1874 turns).

happinesssam the Magician (Gnoll Wanderer)          Turns: 1874, Time: 00:04:52

Health: -5/41      AC:  8    Str: 12 (15) XL:     5   Next: 42%
Magic:  12/12      EV:  9    Int:  7 (10) God:    Gozag
Gold:   12         SH:  4    Dex: 10 (11) Spells: 14/14 levels left

rFire   . . .        a - +2 hand axe
rCold   . . .        c - +0 buckler
rNeg    . . .        f - +0 ring mail
rPois   .            i - +2 helmet
rElec   .            (no cloak)
rCorr   +            (no gloves)
SInv    .            (no boots)
Will    .....        (no amulet)
Stlth   +            g - ring of resist corrosion
HPRegen 0.26/turn    (no ring)
MPRegen 0.13/turn

%: no passive effects
@: gold aura
A: fangs 1, strong nose, distributed training
a: Renounce Religion, Potion Petition, Call Merchant, Bribe Branch


You were on level 5 of the Dungeon.
You worshipped Gozag.
Gozag was noncommittal.
You visited 1 branch of the dungeon, and saw 4 of its levels.

You collected 112 gold pieces.
You paid 100 gold pieces to Gozag.

Inventory:

Hand Weapons
 a - a +2 hand axe (weapon)
Armour
 c - a +0 buckler (worn)
 e - a +0 leather armour
 f - a +0 ring mail (worn)
 i - a +2 helmet (worn)
Jewellery
 g - a ring of resist corrosion (left hand)
Scrolls
 b - a scroll of silence {!r}
 k - 3 scrolls of revelation
Potions
 j - a potion of enlightenment


   Skills:
 + Level 3.0 Fighting
 + Level 1.5 Short Blades
 + Level 1.5 Long Blades
 + Level 4.8 Axes
 + Level 1.5 Maces & Flails
 + Level 1.5 Polearms
 + Level 1.5 Staves
 + Level 1.5 Ranged Weapons
 + Level 1.5 Throwing
 + Level 1.5 Armour
 + Level 3.0 Dodging
 + Level 1.5 Stealth
 + Level 4.8 Shields
 + Level 4.8 Unarmed Combat
 + Level 5.2 Spellcasting
 + Level 1.2 Conjurations
 + Level 1.2 Hexes
 + Level 1.2 Summonings
 + Level 1.2 Necromancy
 + Level 1.2 Translocations
 + Level 1.2 Fire Magic
 + Level 1.2 Ice Magic
 + Level 1.2 Air Magic
 + Level 1.2 Earth Magic
 + Level 1.2 Alchemy
 + Level 1.7 Invocations
 + Level 1.5 Evocations
 + Level 1.4 Shapeshifting


You had 14 spell levels left.
You didn't know any spells.
Your spell library was empty.

Dungeon Overview and Level Annotations

Branches:
Dungeon (3/15)

Altars:
Gozag
Trog


Innate Abilities, Weirdness & Mutations

You have very sharp teeth.
Your uncanny sense of smell can sniff out nearby items.
Your experience applies equally to all skills.


Message History

You have reached level 5!
You aren't carrying any items that you can evoke.
Unknown command.
As you read the scroll of fear, it crumbles to dust.
You assume a fearsome visage.
The white imp looks frightened!
The orc looks frightened! x3; The hound looks frightened!
The adder looks frightened!
Cornered, the hound turns to fight!
Cornered, the adder turns to fight!
Cornered, the white imp turns to fight!
Cornered, the orc turns to fight!
You barely miss the hound.
The hound is heavily wounded.
The hound bites you but does no damage. The hound barely misses you.
You hit the hound. You bite the hound.
The hound is almost dead.
The hound pauses to sniff the ground.
The hound bites you but does no damage. You block the hound's attack.
You hit the hound.
You kill the hound!
The adder bites you but does no damage.
Your Fighting skill increases to level 3!
Your Dodging skill increases to level 3!
The adder attacks as it pursues you! The adder barely misses you.
The adder is distracted by your dazzling golden aura.
The adder is distracted by your dazzling golden aura.
The adder hisses angrily.
The adder is no longer distracted by gold.
An iguana comes into view.
Found 15 gold pieces.
You hit the iguana but do no damage. You block the iguana's attack.
The iguana misses you.
As you read the scroll labelled AJIEPAXIEH, it crumbles to dust.
You feel aware of your surroundings.
You sensed 3 altars.
It was a scroll of revelation.
The iguana closely misses you.
As you read the scroll labelled WUTTYQ NIXKYCI, it crumbles to dust.
The creatures around you are filled with an inner flame!
It was a scroll of immolation.
The adder bites you. You block the adder's attack.
The iguana barely misses you. You block the iguana's attack.
It was a potion of degeneration.
There was something very wrong with that liquid.
You feel weakened.
You feel dopey.
You feel clumsy. The adder closely misses you. The iguana bites you.
* * * LOW HITPOINT WARNING * * *
You hit the iguana but do no damage. You hit the adder.
Flame seeps out of the adder.
The adder is engulfed in blazing flames.
The adder explodes!
The fiery explosion engulfs the iguana!
The fiery explosion engulfs you!!
You die...
Your body crumbles into a pile of gold.

###############
###############
#######################
#############...$o.....
#############.#$#######
#############.#.#* ##
########§o....##.* #.
######@○5######*.#* ##.
######§########*#.* #o#
*** #####..########
#.###.# ,,*
***###^#..######## *#.#5##
,*******,,.#.....########
#.o.#
,*,*,*,*,,.#.....########
##'##
,*,,,,,**,.....$.########*
#o..#
,+,,,,***,.....$.#####...*
#...#
,+,,,,,***,,,,,,,,,*,,,,,*
#.ß.#


You could see a white imp (inner flame) and an orc (inner flame).

Vanquished Creatures
  A hound (D:5)
  An orc priest (D:5)
  An iguana (D:5)
  5 adders
  3 dart slugs
  2 ribbon worms (D:2)
  2 orcs (D:3)
  5 ball pythons
  A bat (D:1)
  5 endoplasms
  2 giant cockroaches (D:1)
  8 goblins
  3 hobgoblins
  2 jackals (D:2)
  4 frilled lizards
  6 kobolds
  6 rats
57 creatures vanquished.

Notes
Turn   | Place    | Note
-------+----------+-------------------------------------------
     0 | D:1      | happinesssam the Gnoll Wanderer began the quest for the
                  | Orb.
     0 | D:1      | happinesssam set off with the following items: a +2 hand
                  | axe, a scroll of silence {!r}, a +0 buckler, a scroll of
                  | fear, a +0 leather armour.
     0 | D:1      | Reached XP level 1. HP: 17/17 MP: 6/6
    44 | D:1      | Reached XP level 2. HP: 22/23 MP: 7/7
   347 | D:1      | Reached skill level 5 in Spellcasting
   347 | D:1      | Reached XP level 3. HP: 28/28 MP: 7/9
   637 | D:1      | Reached skill level 1 in Invocations
   947 | D:2      | Reached skill level 1 in Short Blades
   947 | D:2      | Reached skill level 1 in Long Blades
   947 | D:2      | Reached skill level 1 in Maces & Flails
   947 | D:2      | Reached skill level 1 in Polearms
   947 | D:2      | Reached skill level 1 in Staves
   947 | D:2      | Reached skill level 1 in Ranged Weapons
   947 | D:2      | Reached skill level 1 in Throwing
   947 | D:2      | Reached skill level 1 in Armour
   947 | D:2      | Reached skill level 1 in Stealth
   947 | D:2      | Reached skill level 1 in Evocations
  1009 | D:2      | Reached skill level 1 in Shapeshifting
  1009 | D:2      | Reached XP level 4. HP: 34/34 MP: 11/11
  1347 | D:2      | Reached skill level 1 in Conjurations
  1347 | D:2      | Reached skill level 1 in Hexes
  1347 | D:2      | Reached skill level 1 in Summonings
  1347 | D:2      | Reached skill level 1 in Necromancy
  1347 | D:2      | Reached skill level 1 in Translocations
  1347 | D:2      | Reached skill level 1 in Fire Magic
  1347 | D:2      | Reached skill level 1 in Ice Magic
  1347 | D:2      | Reached skill level 1 in Air Magic
  1347 | D:2      | Reached skill level 1 in Earth Magic
  1347 | D:2      | Reached skill level 1 in Alchemy
  1759 | D:3      | You fall into a shaft and drop 2 floors!
  1759 | D:5      | Entered Level 5 of the Dungeon
  1759 | D:5      | Found a bloodstained altar of Trog.
  1760 | D:5      | Found an opulent altar of Gozag.
  1767 | D:5      | Became a worshipper of Gozag Ym Sagoz the Greedy
  1855 | D:5      | Reached XP level 5. HP: 15/40 MP: 12/12
  1860 | D:5      | Reached skill level 3 in Fighting
  1860 | D:5      | Reached skill level 3 in Dodging
  1874 | D:5      | Killed by an exploding adder... ignited by their inner
                  | flame

Illustrated notes

Levels and vault maps discovered:
D:1:      matt_arrival_diagonals, layout_loops_ring, hangedman_glass_teeth,
          minmay_hexomino_p4
D:2:      layout_loops_ring
D:3:      layout_basic, nicolae_overflow_hidden_temple, bloody_makhleb,
          nicolae_dithmenos_shadow_blocks, hellmonk_ecumenical_altar_crossroads,
          kennysheep_orc_chapel
D:5:      layout_cave_pools, grunt_gozag_statues, slow_altar_2,
          nicolae_hepliaklqana_hazy_memory, mainiacjoe_overflow_catwalk,
          lemuel_crystal_altar, gammafunk_ghost_necromancy, grunt_decor_clamped

Skill      XL: |  1  2  3  4  5 |
---------------+----------------+-----
Spellcasting   | 5 |  5.2
Invocations    | 1 |  1.7
Short Blades   | 1 |  1.5
Long Blades    | 1 |  1.5
Maces & Flails | 1 |  1.5
Polearms       | 1 |  1.5
Staves         | 1 |  1.5
Ranged Weapons | 1 |  1.5
Throwing       | 1 |  1.5
Armour         | 1 |  1.5
Stealth        | 1 |  1.5
Evocations     | 1 |  1.5
Shapeshifting  | 1 |  1.4
Conjurations   | 1 |  1.2
Hexes          | 1 |  1.2
Summonings     | 1 |  1.2
Necromancy     | 1 |  1.2
Translocations | 1 |  1.2
Fire Magic     | 1 |  1.2
Ice Magic      | 1 |  1.2
Air Magic      | 1 |  1.2
Earth Magic    | 1 |  1.2
Alchemy        | 1 |  1.2
Fighting       | 3 |  3.0
Dodging        | 3 |  3.0
Axes           | |  4.8
Shields        | |  4.8
Unarmed Combat | |  4.8

Action                     |  1- 3 |  4- 6 || total
---------------------------+-------+-------++-------
  Melee: Hand axe          |    97 |    86 ||   183
         Bite              |     5 |    10 ||    15
    Use: Potion            |       |     5 ||     5
         Scroll            |       |     3 ||     3
 Armour: Leather armour    |     3 |       ||     3
         Ring mail         |    56 |    95 ||   151
  Dodge: Dodged            |    45 |    64 ||   109
  Block: Buckler           |    16 |    34 ||    50

Table legend: (Time is in decaauts)
 A = Elapsed time spent in this place.
 B = Non-inter-level travel time spent in this place.
 C = Inter-level travel time spent in this place.
 D = Time resting spent in this place.
 E = Time spent auto-exploring this place.
 F = Levels seen in this place.
 G = Mean time per level.
                   A        B        C        D        E       F      G
               +--------+--------+--------+--------+--------+-----+--------+
         Total |   1892 |   1813 |     79 |      6 |   1328 |   4 |  473.0 |
       Dungeon |   1892 |   1813 |     79 |      6 |   1328 |   4 |  473.0 |
               +--------+--------+--------+--------+--------+-----+--------+

Top non-repeatable levels by time:
     D:2: 896 daAuts
     D:1: 826 daAuts
     D:5: 116 daAuts
     D:3: 53 daAuts
